 Dungeon Crawl Stone Soup version 0.30.0 (webtiles) character file.

Game seed: 1461184915210999022

111 Ayyar the Shield-Bearer (level 5, -3/42 HPs)
             Began as a Formicid Fighter on May 11, 2023.
             Slain by a gnoll
             ... wielding a +0 spear
             ... led by a gnoll bouda
              (5 damage)
             ... on level 4 of the Dungeon.
             The game lasted 00:06:30 (1786 turns).

Ayyar the Shield-Bearer (Formicid Fighter)          Turns: 1786, Time: 00:06:31

Health: -3/42      AC:  7    Str: 23    XL:     5   Next: 15%
Magic:  5/5        EV:  9    Int:  7    God:
Gold:   68         SH:  0    Dex: 13    Spells: 4/4 levels left

rFire   . . .        a - +0 trident
rCold   . . .        c - +0 buckler
rNeg    . . .        b - +0 scale mail
rPois   .            (helmet unavailable)
rElec   .            (no cloak)
rCorr   .            (no gloves)
SInv    +            (no boots)
Will    .....        (no amulet) Stlth
                     (no ring)
HPRegen 0.27/turn    (no ring)
MPRegen 0.09/turn

%: no passive effects
@: confused, mighty
A: permanent stasis, dig shafts and tunnels, antennae 3, four strong arms
a: Dig, Shaft Self


You were on level 4 of the Dungeon.
You visited 1 branch of the dungeon, and saw 4 of its levels.

You collected 68 gold pieces.

Inventory:

Hand Weapons
 a - a +0 trident (weapon)
Armour
 b - a +0 scale mail (worn)
 c - a +0 buckler (worn)
Scrolls
 g - 3 scrolls of blinking {unknown}
 h - 2 scrolls of vulnerability {unknown}
 j - a scroll of amnesia {unknown}
 k - a scroll of noise {unknown}
 m - a scroll of identify {unknown}
 p - a scroll of immolation {unknown}
 q - a scroll of poison {unknown}
Potions
 d - 2 potions of might
 e - a potion of flight {unknown}
 f - 4 potions of curing {unknown}
 i - a potion of mutation {unknown}
 l - a potion of berserk rage {unknown}
 n - a potion of heal wounds {unknown}


   Skills:
 + Level 4.0 Fighting
 * Level 2.9 Polearms
 + Level 0.3 Throwing
 + Level 4.1 Armour
 + Level 0.3 Dodging
 + Level 0.5 Stealth
 + Level 4.8 Shields


You had 4 spell levels left.
You didn't know any spells.
Your spell library was empty.

Dungeon Overview and Level Annotations

Branches:
Dungeon (3/15)

Altars:

Shops:
D:1 [

Annotations:
D:4 Sigmund


Innate Abilities, Weirdness & Mutations

You cannot be hasted, slowed, berserked, paralysed or teleported.
You can dig through walls and to a lower floor.
You have a pair of large antennae on your head. (SInv)
Your four strong arms can wield two-handed weapons with a shield.


Message History

You hit the gnoll bouda but do no damage.
The gnoll bouda is almost dead.
You block the gnoll's attack. The gnoll barely misses you.
The gnoll bouda barely misses you. The gnoll barely misses you.
You barely miss the gnoll bouda.
The gnoll bouda is almost dead.
The gnoll bouda calls upon its god to heal the gnoll.
The gnoll is healed somewhat.
The gnoll hits you but does no damage. x2
You hit the gnoll bouda.
You kill the gnoll bouda!
The gnoll hits you from afar with a +0 spear. x2
Your Fighting skill increases to level 4!
You have reached level 5!
You feel very mighty all of a sudden. The gnoll closely misses you.
The gnoll hits you from afar with a +0 spear.
The gnoll closely misses you.
You puncture the gnoll!
You kill the gnoll!
You block the gnoll's attack. The gnoll barely misses you.
The gnoll hits you from afar with a +0 spear.
* * * LOW HITPOINT WARNING * * *
You barely miss the gnoll.
The gnoll hits you from afar with a +0 spear!
* * * LOW HITPOINT WARNING * * *
You block the gnoll's attack.
The gnoll is no longer moving quickly.
The gnoll attacks as you move away! The gnoll hits you but does no damage.
The gnoll is no longer moving quickly.
You block the gnoll's attack.
Sigmund the Dreaded comes into view.
He is wielding a +0 scythe.
Sigmund shouts!
Sigmund points at you and mumbles some strange words.
You are confused.
You're too confused to move!
The gnoll is no longer moving quickly.
The gnoll barely misses you. The gnoll hits you with a +0 spear.
* * * LOW HITPOINT WARNING * * *
Sigmund asks, "Do you like me?"
The gnoll hits you from afar with a +0 spear.
You die...

#........#
#........#
#...@....#
#........#
#####.......
#...#.....#
#...#.....#
#...#.....#
#...#.g@..#
#...#gg...#
#...#.....#
#...'.....#
#...#.....#
######.....#
#....)######
#.....#
#.....#


You could see Sigmund and 3 gnolls.

Vanquished Creatures
  A gnoll bouda (D:4)
  An adder (D:2)
  A gnoll (D:4)
  A dart slug (D:1)
  2 bats (D:1)
  5 endoplasms
  3 giant cockroaches
  6 goblins
  7 hobgoblins
  8 jackals (D:1)
  5 kobolds
  3 quokkas
  3 ball pythons
  4 frilled lizards
  3 rats
53 creatures vanquished.

Vanquished Creatures (others)
  A plant (D:1)
1 creature vanquished.

Grand Total: 54 creatures vanquished

Notes
Turn   | Place    | Note
-------+----------+-------------------------------------------
     0 | D:1      | Ayyar the Formicid Fighter began the quest for the Orb.
     0 | D:1      | Reached XP level 1. HP: 18/18 MP: 1/1
   100 | D:1      | Reached XP level 2. HP: 15/24 MP: 2/2
   210 | D:1      | Found Ucaddaco's Armour Boutique.
   352 | D:1      | Reached XP level 3. HP: 29/29 MP: 3/3
  1036 | D:2      | Reached XP level 4. HP: 29/37 MP: 4/4
  1752 | D:3      | You fall into a shaft and drop 1 floor!
  1776 | D:4      | Reached XP level 5. HP: 14/42 MP: 5/5
  1779 | D:4      | HP: 2/42 [gnoll/+0 spear[a gnoll bouda] (7)]
  1784 | D:4      | Noticed Sigmund
  1786 | D:4      | HP: 2/42 [gnoll/+0 spear[a gnoll bouda] (2)]
  1786 | D:4      | Slain by a gnoll

Illustrated notes

Levels and vault maps discovered:
D:1:      elethiomel_arrival_quiet, layout_basic, serial_shops, shop_fountains,
          minmay_misc_feat_tiny, serial_bayou_lagoon_b
D:2:      layout_loops_ring, fountainhead
D:3:      layout_basic, nrook_mini_vaults, minmay_misc_feat_hallway,
          uniq_grinder
D:4:      minmay_angry_zag, layout_gridville, uniq_duvessa, uniq_ijyb,
          uniq_sigmund

Skill      XL: |  1  2  3  4 |
---------------+-------------+-----
Armour         | 4 |  4.1
Fighting       | 4 |  4.0
Polearms       | |  2.9
Throwing       | |  0.3
Dodging        | |  0.3
Stealth        | |  0.5
Shields        | |  4.8

Action                     |  1- 3 |  4- 6 || total
---------------------------+-------+-------++-------
  Melee: Trident           |   123 |    65 ||   188
  Throw: Javelin           |       |     2 ||     2
Ability: Dig               |     1 |       ||     1
    Use: Potion            |       |     1 ||     1
 Armour: Scale mail        |    57 |    22 ||    79
  Dodge: Dodged            |    59 |    28 ||    87
  Block: Buckler           |    37 |    20 ||    57
